3A
MYRTLE BEACH SEAHAWKS @ MANCELONA TORCH
08/19/2028
 
TOP OF THE 1ST
Myrtle Beach Seahawks batting - Pitching for Mancelona Torch : RHP Robert Cagle
Pitching: RHP Robert Cagle
Batting: RHB Reece Cockin 0-0: Ball
1-0: Ball
2-0: Ball
3-0: Base on Balls
Batting: RHB José Bustillo 0-0: Foul Ball, location: 2F
0-1: Fly out, F9 (Flyball, 89M)
Batting: RHB Luis Oliva 0-0: Ball
1-0: Called Strike
1-1: Ball
2-1: Foul Ball, location: 2F
2-2: Ball
3-2: Foul Ball, location: 2F
3-2: Base on Balls
Reece Cockin to second
Batting: RHB Aquiles Morda 0-0: Called Strike
0-1: Ball
1-1: Swinging Strike
1-2: Strikes out swinging
Batting: LHB Joo-young Yo 0-0: Ball
1-0: Fly out, F6 (Popup, 6)
Top of the 1st over - 0 run(s), 0 hit(s), 0 error(s), 2 left on base; Myrtle Beach 0 - Mancelona 0
BOTTOM OF THE 1ST
Mancelona Torch batting - Pitching for Myrtle Beach Seahawks : LHP José Rea
Pitching: LHP José Rea
Batting: LHB Jim Halpert 0-0: Foul Ball, location: 2F
0-1: Fly out, F5 (Line Drive, 5S)
Batting: RHB Bob Phillips 0-0: Bunt missed!
0-1: Foul Ball, location: 2F
0-2: Ground out 6-3 (Groundball, 6)
Batting: LHB Yu-zeng Si 0-0: Ball
1-0: Ball
2-0: SINGLE (Popup, 4D)
Batting: RHB Kyle Vandenbrink 0-0: Swinging Strike
0-1: Ball
1-1: SINGLE (Line Drive, 89S)
Yu-zeng Si to second
Runner from 2nd tries for 3rd, SAFE, throw made to third
Batting: LHB Alberto Hernández 0-0: Foul Ball, location: 2F
0-1: Called Strike
0-2: Ball
1-2: Fly out, F5 (Popup, 5D)
Bottom of the 1st over - 0 run(s), 2 hit(s), 0 error(s), 2 left on base; Myrtle Beach 0 - Mancelona 0
TOP OF THE 2ND
Myrtle Beach Seahawks batting - Pitching for Mancelona Torch : RHP Robert Cagle
Batting: LHB Peter Ough 0-0: Fly out, F8 (Flyball, 8LM)
Batting: LHB Ijsbrand Erkelens 0-0: Ball
1-0: Foul Ball, location: 2F
1-1: Foul Ball, location: 2F
1-2: Ball
2-2: Ball
3-2: Strikes out looking
Batting: RHB Andy Llewellyn 0-0: SINGLE (Line Drive, 6MD)
Batting: RHB Howard Lee 0-0: Ball
1-0: Ball
Andy Llewellyn steals 2nd base
2-0: Foul Ball, location: 2F
2-1: Called Strike
2-2: Foul Ball, location: 2F
2-2: SINGLE (Groundball, 4MD)
Andy Llewellyn to third
Runner from 3rd tries for Home, SAFE, no throw
Batting: RHB Reece Cockin 0-0: Ball
1-0: Ball
2-0: Ball
3-0: Called Strike
3-1: Swinging Strike
3-2: Foul Ball, location: 2F
3-2: Strikes out swinging
Top of the 2nd over - 1 run(s), 2 hit(s), 0 error(s), 1 left on base; Myrtle Beach 1 - Mancelona 0
BOTTOM OF THE 2ND
Mancelona Torch batting - Pitching for Myrtle Beach Seahawks : LHP José Rea
Batting: LHB Badry Maksimenov 0-0: Ball
1-0: Ball
2-0: Foul Ball, location: 2F
2-1: SINGLE (Groundball, 34D)
Batting: RHB Tony Lugo 0-0: Swinging Strike
0-1: Foul Ball, location: 2F
0-2: Grounds into double play, 6-4-3 (Groundball, 6)
Batting: RHB Ratko Ralevic 0-0: Called Strike
0-1: Ball
1-1: Ground out 5-3 (Groundball, 56)
Bottom of the 2nd over - 0 run(s), 1 hit(s), 0 error(s), 0 left on base; Myrtle Beach 1 - Mancelona 0
TOP OF THE 3RD
Myrtle Beach Seahawks batting - Pitching for Mancelona Torch : RHP Robert Cagle
Batting: RHB José Bustillo 0-0: Called Strike
0-1: Ball
1-1: Foul Ball, location: 2F
1-2: Foul Ball, location: 2F
1-2: Foul Ball, location: 2F
1-2: Foul Ball, location: 2F
1-2: Foul Ball, location: 2F
1-2: Strikes out swinging
Batting: RHB Luis Oliva 0-0: SINGLE (Groundball, 4MD)
Batting: RHB Aquiles Morda 0-0: Ball
1-0: Swinging Strike
1-1: Ball
2-1: Foul Ball, location: 2F
2-2: Ball
3-2: Foul Ball, location: 2F
3-2: Strikes out swinging
Batting: LHB Joo-young Yo 0-0: Ball
1-0: Swinging Strike
1-1: Foul Ball, location: 2F
1-2: Ball
2-2: Ball
3-2: Base on Balls
Luis Oliva to second
Batting: LHB Peter Ough 0-0: Called Strike
0-1: Foul Ball, location: 2F
0-2: Ball
1-2: Foul Ball, location: 2F
1-2: Strikes out swinging
Top of the 3rd over - 0 run(s), 1 hit(s), 0 error(s), 2 left on base; Myrtle Beach 1 - Mancelona 0
BOTTOM OF THE 3RD
Mancelona Torch batting - Pitching for Myrtle Beach Seahawks : LHP José Rea
Batting: RHB Adrijan Markovski 0-0: Ball
1-0: Ball
2-0: Called Strike
2-1: Ball
3-1: Ground out 5-3 (Groundball, 56S)
Batting: LHB Jim Halpert 0-0: Ball
1-0: Ball
2-0: Ball
3-0: Base on Balls
Batting: RHB Bob Phillips 0-0: Ball
1-0: Foul Ball, location: 2F
1-1: Ball
Jim Halpert is caught stealing 2nd base
2-1: Foul Ball, location: 2F
2-2: Strikes out swinging
Bottom of the 3rd over - 0 run(s), 0 hit(s), 0 error(s), 0 left on base; Myrtle Beach 1 - Mancelona 0
TOP OF THE 4TH
Myrtle Beach Seahawks batting - Pitching for Mancelona Torch : RHP Robert Cagle
Batting: LHB Ijsbrand Erkelens 0-0: SINGLE (Groundball, 56D)
Batting: RHB Andy Llewellyn 0-0: Ball
1-0: Fly out, F8 (Flyball, 8RM)
Batting: RHB Howard Lee 0-0: Ball
1-0: Fly out, F8 (Flyball, 89M)
Batting: RHB Reece Cockin 0-0: Ball
Ijsbrand Erkelens is caught stealing 2nd base
Top of the 4th over - 0 run(s), 1 hit(s), 0 error(s), 0 left on base; Myrtle Beach 1 - Mancelona 0
BOTTOM OF THE 4TH
Mancelona Torch batting - Pitching for Myrtle Beach Seahawks : LHP José Rea
Batting: LHB Yu-zeng Si 0-0: Ground out 4-3 (Groundball, 4)
Batting: RHB Kyle Vandenbrink 0-0: Ball
1-0: Ball
2-0: Called Strike
2-1: DOUBLE (Flyball, 8LXD)
Batting: LHB Alberto Hernández 0-0: Ball
1-0: Called Strike
1-1: Ball
2-1: Ball
3-1: Foul Ball, location: 2F
3-2: Foul Ball, location: 2F
3-2: Ground out 4-3 (Groundball, 34D)
Kyle Vandenbrink to third
Batting: LHB Badry Maksimenov 0-0: Foul Ball, location: 2F
0-1: Ball
1-1: Ball
2-1: Ball
3-1: Base on Balls
Batting: RHB Tony Lugo 0-0: Fly out, F4 (Line Drive, 4MD)
Bottom of the 4th over - 0 run(s), 1 hit(s), 0 error(s), 2 left on base; Myrtle Beach 1 - Mancelona 0
TOP OF THE 5TH
Myrtle Beach Seahawks batting - Pitching for Mancelona Torch : RHP Robert Cagle
Batting: RHB Reece Cockin 0-0: Ball
1-0: Called Strike
1-1: Foul Ball, location: 2F
1-2: Foul Ball, location: 2F
1-2: Ball
2-2: Ball
3-2: SINGLE (Line Drive, 89S)
Batting: RHB José Bustillo 0-0: Sac Bunt - play at first, batter OUT! 1-4
Reece Cockin to second
Batting: RHB Luis Oliva 0-0: Intentional Walk
Batting: RHB Aquiles Morda 0-0: Called Strike
0-1: Foul Ball, location: 2F
0-2: Ball
1-2: Ball
2-2: Foul Ball, location: 2F
2-2: Fly out, F1 (Line Drive, 13S)
Pitching: RHP Iván Escobar
Batting: LHB Joo-young Yo 0-0: Ball
1-0: Called Strike
1-1: Ball
2-1: Fielders Choice at 2nd, 4-6 (Groundball, 4)
Top of the 5th over - 0 run(s), 1 hit(s), 0 error(s), 1 left on base; Myrtle Beach 1 - Mancelona 0
BOTTOM OF THE 5TH
Mancelona Torch batting - Pitching for Myrtle Beach Seahawks : LHP José Rea
Batting: RHB Ratko Ralevic 0-0: Ball
1-0: Ball
2-0: Foul Ball, location: 2F
2-1: Called Strike
2-2: Ball
3-2: Foul Ball, location: 2F
3-2: Fly out, F9 (Line Drive, 9)
Batting: RHB Adrijan Markovski 0-0: Ball
1-0: SINGLE (Groundball, 56D)
Batting: LHB Jim Halpert 0-0: Ball
1-0: Ball
2-0: Called Strike
2-1: Ball
3-1: Foul Ball, location: 2F
3-2: SINGLE (Groundball, 56D)
Adrijan Markovski to second
Batting: RHB Bob Phillips 0-0: Called Strike
0-1: Ball
1-1: Called Strike
1-2: Ball
2-2: Foul Ball, location: 2F
2-2: Fly out, F7 (Flyball, 7)
Batting: LHB Yu-zeng Si 0-0: Ball
1-0: Called Strike
1-1: Foul Ball, location: 2F
1-2: Strikes out looking
Bottom of the 5th over - 0 run(s), 2 hit(s), 0 error(s), 2 left on base; Myrtle Beach 1 - Mancelona 0
TOP OF THE 6TH
Myrtle Beach Seahawks batting - Pitching for Mancelona Torch : RHP Iván Escobar
Batting: LHB Peter Ough 0-0: SINGLE (Line Drive, 34D)
Batting: LHB Ijsbrand Erkelens 0-0: Ball
Peter Ough steals 2nd base
1-0: Fly out, F4 (Popup, 3D)
Batting: RHB Andy Llewellyn 0-0: Ball
1-0: Called Strike
1-1: Foul Ball, location: 2F
1-2: Ball
2-2: Ball
3-2: 2-RUN HOME RUN (Flyball, 7LD), Distance : 340 ft
Pitching: RHP Wong Fei-Hung
Batting: RHB Howard Lee 0-0: Fly out, F9 (Line Drive, 9S)
Batting: RHB Reece Cockin 0-0: Ball
1-0: Swinging Strike
1-1: Swinging Strike
1-2: Strikes out swinging
Top of the 6th over - 2 run(s), 2 hit(s), 0 error(s), 0 left on base; Myrtle Beach 3 - Mancelona 0
BOTTOM OF THE 6TH
Mancelona Torch batting - Pitching for Myrtle Beach Seahawks : LHP José Rea
Batting: RHB Kyle Vandenbrink 0-0: Swinging Strike
0-1: Called Strike
0-2: Foul Ball, location: 2F
0-2: Ball
1-2: Ball
2-2: SINGLE (Groundball, 6D)
Batting: LHB Alberto Hernández 0-0: Grounds into double play, 4-6-3 (Groundball, 34)
Batting: LHB Badry Maksimenov 0-0: Foul Ball, location: 2F
0-1: Called Strike
0-2: Fly out, F8 (Flyball, 8LM)
Bottom of the 6th over - 0 run(s), 1 hit(s), 0 error(s), 0 left on base; Myrtle Beach 3 - Mancelona 0
TOP OF THE 7TH
Myrtle Beach Seahawks batting - Pitching for Mancelona Torch : RHP Wong Fei-Hung
Batting: RHB José Bustillo 0-0: Swinging Strike
0-1: Swinging Strike
0-2: Ball
1-2: Foul Ball, location: 2F
1-2: Strikes out swinging
Batting: RHB Luis Oliva 0-0: Foul Ball, location: 2F
0-1: Ball
1-1: Ball
2-1: Ball
3-1: Swinging Strike
3-2: Ground out 6-3 (Groundball, 6)
Batting: RHB Aquiles Morda 0-0: Ball
1-0: SOLO HOME RUN (Flyball, 78XD), Distance : 426 ft
Batting: LHB Joo-young Yo 0-0: Ball
1-0: Foul Ball, location: 2F
1-1: Ground out 4-3 (Groundball, 4S)
Top of the 7th over - 1 run(s), 1 hit(s), 0 error(s), 0 left on base; Myrtle Beach 4 - Mancelona 0
BOTTOM OF THE 7TH
Mancelona Torch batting - Pitching for Myrtle Beach Seahawks : LHP José Rea
Batting: RHB Tony Lugo 0-0: SINGLE (Groundball, 56D)
Batting: RHB Ratko Ralevic 0-0: Ball
1-0: Grounds into double play, 6-4-3 (Groundball, 56)
Batting: RHB Adrijan Markovski 0-0: SINGLE (Flyball, 9S)
Batting: LHB Jim Halpert 0-0: Ball
1-0: Called Strike
1-1: DOUBLE (Flyball, 78XD)
Adrijan Markovski to third
Batting: RHB Bob Phillips 0-0: Ground out 1-3 (Groundball, P)
Bottom of the 7th over - 0 run(s), 3 hit(s), 0 error(s), 2 left on base; Myrtle Beach 4 - Mancelona 0
TOP OF THE 8TH
Myrtle Beach Seahawks batting - Pitching for Mancelona Torch : RHP Wong Fei-Hung
Batting: LHB Peter Ough 0-0: Ground out 4-3 (Groundball, 34)
Batting: LHB Ijsbrand Erkelens 0-0: Called Strike
0-1: Called Strike
0-2: Fly out, F6 (Popup, 6MD)
Batting: RHB Andy Llewellyn 0-0: Called Strike
0-1: Ball
1-1: Swinging Strike
1-2: Strikes out swinging
Top of the 8th over - 0 run(s), 0 hit(s), 0 error(s), 0 left on base; Myrtle Beach 4 - Mancelona 0
BOTTOM OF THE 8TH
Mancelona Torch batting - Pitching for Myrtle Beach Seahawks : LHP José Rea
Batting: LHB Yu-zeng Si 0-0: Ball
1-0: SINGLE (Line Drive, 9LM)
Batting: RHB Kyle Vandenbrink 0-0: Called Strike
0-1: Ball
1-1: Foul Ball, location: 2F
1-2: Grounds into double play, 6-4-3 (Groundball, 6)
Batting: LHB Alberto Hernández 0-0: Called Strike
0-1: Called Strike
0-2: Ball
1-2: Strikes out looking
Bottom of the 8th over - 0 run(s), 1 hit(s), 0 error(s), 0 left on base; Myrtle Beach 4 - Mancelona 0
TOP OF THE 9TH
Myrtle Beach Seahawks batting - Pitching for Mancelona Torch : RHP Wong Fei-Hung
Batting: RHB Howard Lee 0-0: Called Strike
0-1: Ball
1-1: SINGLE (Flyball, 9LM)
Batting: RHB Reece Cockin 0-0: Sac Bunt - play at first, batter OUT! U3
Howard Lee to second
Batting: RHB José Bustillo 0-0: Called Strike
0-1: Ball
1-1: Ball
2-1: Fly out, F7 (Line Drive, 7)
Batting: RHB Luis Oliva 0-0: Intentional Walk
Batting: RHB Aquiles Morda 0-0: Foul Ball, location: 2F
0-1: Fielders Choice at 2nd, 6-4 (Groundball, 6)
Top of the 9th over - 0 run(s), 1 hit(s), 0 error(s), 1 left on base; Myrtle Beach 4 - Mancelona 0
BOTTOM OF THE 9TH
Mancelona Torch batting - Pitching for Myrtle Beach Seahawks : LHP José Rea
Batting: LHB Badry Maksimenov 0-0: Ball
1-0: Ball
2-0: Ball
3-0: Called Strike
3-1: Called Strike
3-2: Ground out 4-3 (Groundball, 4)
Batting: RHB Tony Lugo 0-0: Ball
1-0: SINGLE (Groundball, 6MD)
Batting: RHB Ratko Ralevic 0-0: Called Strike
0-1: Called Strike
0-2: Foul Ball, location: 2F
0-2: Strikes out swinging
Pitching: RHP Greyfriars Bobby
Batting: RHB Adrijan Markovski 0-0: Ball
1-0: Swinging Strike
1-1: Ball
2-1: SINGLE (Groundball, 4D)
Tony Lugo to second
Runner from 2nd tries for 3rd, SAFE, no throw
Pitching: RHP Walata Naretha
Batting: LHB Jim Halpert 0-0: Called Strike
0-1: SINGLE (Line Drive, 9S)
Tony Lugo scores
Adrijan Markovski to second
Runner from 2nd tries for 3rd, SAFE, no throw
Batting: RHB Bob Phillips 0-0: Called Strike
0-1: Called Strike
0-2: Ball
1-2: 3-RUN HOME RUN (Flyball, 8LXD), Distance : 434 ft
Batting: LHB Yu-zeng Si 0-0: Fly out, F8 (Flyball, 8RS)
Bottom of the 9th over - 4 run(s), 4 hit(s), 0 error(s), 0 left on base; Myrtle Beach 4 - Mancelona 4
TOP OF THE 10TH
Myrtle Beach Seahawks batting - Pitching for Mancelona Torch : RHP Wong Fei-Hung
Pitching: RHP Rhett Abbott
Pinch Hitting: LHB Gabriel Amezquita 0-0: Ground out 4-3 (Groundball, 4)
Batting: LHB Peter Ough 0-0: Foul Ball, location: 2F
0-1: Ball
1-1: Ball
2-1: Ball
3-1: Foul Ball, location: 2F
3-2: Fly out, F8 (Flyball, 89M)
Batting: LHB Ijsbrand Erkelens 0-0: Swinging Strike
0-1: Called Strike
0-2: Ball
1-2: Foul Ball, location: 2F
1-2: Strikes out looking
Top of the 10th over - 0 run(s), 0 hit(s), 0 error(s), 0 left on base; Myrtle Beach 4 - Mancelona 4
BOTTOM OF THE 10TH
Mancelona Torch batting - Pitching for Myrtle Beach Seahawks : RHP Walata Naretha
Now in RF: Gabriel Amezquita
Batting: RHB Kyle Vandenbrink 0-0: Swinging Strike
0-1: Ball
1-1: Swinging Strike
1-2: Strikes out swinging
Batting: LHB Alberto Hernández 0-0: Swinging Strike
0-1: Foul Ball, location: 2F
0-2: Strikes out swinging
Pinch Hitting: RHB Armando Pacheco 0-0: Ball
1-0: Ball
2-0: Ground out 4-3 (Groundball, 34)
Bottom of the 10th over - 0 run(s), 0 hit(s), 0 error(s), 0 left on base; Myrtle Beach 4 - Mancelona 4
TOP OF THE 11TH
Myrtle Beach Seahawks batting - Pitching for Mancelona Torch : RHP Rhett Abbott
Now at SS: José Córdova
Batting: RHB Andy Llewellyn 0-0: Ball
1-0: Called Strike
1-1: Foul Ball, location: 2F
1-2: Ball
2-2: Strikes out swinging
Batting: RHB Howard Lee 0-0: Foul Ball, location: 2F
0-1: Called Strike
0-2: Ball
1-2: Strikes out swinging
Batting: RHB Reece Cockin 0-0: Swinging Strike
0-1: Ball
1-1: Swinging Strike
1-2: Ball
2-2: Foul Ball, location: 2F
2-2: Ball
3-2: Ground out 5-3 (Groundball, 56)
Top of the 11th over - 0 run(s), 0 hit(s), 0 error(s), 0 left on base; Myrtle Beach 4 - Mancelona 4
BOTTOM OF THE 11TH
Mancelona Torch batting - Pitching for Myrtle Beach Seahawks : RHP Walata Naretha
Pinch Hitting: RHB Félix Martínez 0-0: Ball
1-0: Foul Ball, location: 2F
1-1: Ball
2-1: SINGLE (Flyball, 78S)
Pinch Hitting: RHB Alex Vaske 0-0: Sac Bunt - play at second, runner OUT! 5-6
Batting: RHB Adrijan Markovski 0-0: Ball
1-0: Ground out 5-3 (Groundball, 5)
Alex Vaske to second
Batting: LHB Jim Halpert 0-0: Ball
1-0: Ball
2-0: Called Strike
2-1: 2-RUN HOME RUN (Flyball, 8RXD), Distance : 432 ft
Monday, August 28th, 2017 - OOTP Baseball 17.12 Build 75